Senators vs Sharks

Created - 9 décembre 2017 at 15:55

Goals
1 2 3 T
Senators 0 2 3 5
Sharks 1 2 0 3
Shots
1 2 3 T
Senators 5 18 13 36
Sharks 9 12 16 37

1st period

1. Sharks , Dany Heatley 12 (Jean-Gabriel Pageau 3, Colton Parayko 5) at 8:09

Penalties :
Ole-Kristian Tollefson (SJS) for Cross-checking (Minor) at 4:45

2nd period

2. Sharks , Daniel Winnik 6 (Nikita Nikitin 13, Michael Ryder 14) at 2:55 (PP)
3. Senators , Blake Wheeler 7 (Dennis Seidenberg 6) at 3:46
4. Sharks , Dany Heatley 13 (Henrik Zetterberg 16, Nikita Nikitin 14) at 5:05
5. Senators , Dennis Seidenberg 3 (Blake Wheeler 18) at 19:23

Penalties :
Greg Amadio (OTT) for Roughing (Minor) at 2:07, Troy Brouwer (OTT) for Tripping (Minor) at 6:12, Alec Martinez (SJS) for Holding (Minor) at 13:52

3rd period

6. Senators , Blake Wheeler 8 (Nick Holden 9, Boone Jenner 5) at 7:57
7. Senators , Andrew Cogliano 4 (Nick Holden 10, Nikita Zaytsev 12) at 11:54 (PP)
8. Senators , Nick Holden 5 (Troy Brouwer 5, Guillaume Desbiens 3) at 18:46 (PP)

Penalties :
Gabriel Landeskog (OTT) for High sticking (Minor) at 1:16, Dennis Seidenberg (OTT) for Hooking (Minor) at 3:24, Marc-Andre Fleury (OTT) for Slashing (Minor) at 4:32 - Greg Amadio served the penalty., Nikita Zaytsev (OTT) for High sticking (Minor) at 8:41, Dany Heatley (SJS) for Slashing (Minor) at 11:24, Michael Ryder (SJS) for Interference (Minor) at 12:39, Dennis Seidenberg (OTT) for Tripping (Minor) at 14:45, Dany Heatley (SJS) for Hooking (Minor) at 17:18, Ole-Kristian Tollefson (SJS) for Hooking (Minor) at 18:53

Goalie Stats

Marc-Andre Fleury (OTT), 34 saves from 37 shots - (0,919), W, 4-15-3, 60:00 minutes
Martin Jones (SJS), 31 saves from 36 shots - (0,861), L, 17-10-0, 60:00 minutes

Players Stats for Senators

Player Name              G  A  P  +/- PIM S  H  SB GA TA FO     MP     PP MP  PK MP  
------------------------------------------------------------------------------------
Andrew Cogliano          1  0  1   0  0   3  0  0  0  0  8/17   16:20   4:30   0:00 
Blake Wheeler            2  1  3   2  0   4  0  0  0  0  2/3    18:18   4:30   0:00 
Boone Jenner             0  1  1   2  0   1  2  1  0  0  12/26  18:18   4:30   0:00 
Dennis Seidenberg        1  1  2   2  4   1  1  2  0  0  0/0    16:01   0:00   4:50 
Gabriel Landeskog        0  0  0   0  2   2  1  0  0  0  1/1     9:53   0:00   0:00 
Greg Amadio              0  0  0   1  2   6  4  3  0  0  0/0    22:00   4:41   3:54 
Guillaume Desbiens       0  1  1   0  0   1  5  0  0  0  0/0    16:21   4:31   0:00 
J.T. Miller              0  0  0   0  0   3  0  0  0  0  0/0     9:54   0:00   0:00 
Jarkko Immonen           0  0  0  -1  0   1  0  1  0  0  4/9     8:01   0:00   4:25 
Jay Beagle               0  0  0   0  0   2  0  2  0  0  19/30  17:20   0:00   7:26 
Nick Holden              1  2  3   0  0   4  0  1  0  0  0/0    24:29   4:20   6:27 
Nikita Zaytsev           0  1  1   2  2   2  4  0  0  0  0/0    19:22   4:20   2:26 
Robert Nilsson           0  0  0  -1  0   0  0  0  0  0  0/0     4:44   0:00   1:08 
Ron Hainsey              0  0  0  -2  0   2  0  2  0  0  0/0    20:34   0:00   6:05 
Tom Wilson               0  0  0  -1  0   0  0  0  0  0  0/0    11:16   0:00   7:40 
Travis Hamonic           0  0  0  -1  0   1  0  1  0  0  0/0    17:30   4:41   0:00 
Troy Brouwer             0  1  1   2  2   2  4  0  0  0  2/2    20:30   4:31   2:12 
Valtteri Filppula        0  0  0   0  0   1  0  0  0  0  3/5    16:21   4:31   0:00 

Players Stats for Sharks

Player Name              G  A  P  +/- PIM S  H  SB GA TA FO     MP     PP MP  PK MP  
------------------------------------------------------------------------------------
Alec Martinez            0  0  0   0  2   2  3  2  0  0  0/0    22:17   5:34   3:54 
Andrew Ladd              0  0  0  -2  0   0  0  1  0  0  1/1    24:47   6:16   5:35 
Cal Clutterbuck          0  0  0   0  0   1  1  0  0  0  0/1    10:14   0:00   0:00 
Colton Parayko           0  1  1   0  0   1  0  3  0  0  0/0    17:49   6:09   0:53 
Daniel Winnik            1  0  1   0  0   6  0  0  0  0  9/22   16:30   6:16   0:00 
Dany Heatley             2  0  2   1  4   9  6  0  0  0  2/2    21:17   5:21   0:00 
Henrik Zetterberg        0  1  1   0  0   2  0  1  0  0  12/27  20:10   5:01   2:35 
Jean-Gabriel Pageau      0  1  1   1  0   1  0  0  0  0  2/6     4:55   0:00   1:31 
Keith Ballard            0  0  0   0  0   1  8  0  0  0  0/0    16:14   1:16   4:11 
Marian Gaborik           0  0  0   0  0   3  0  1  0  0  2/3    12:40   0:06   0:00 
Mark Letestu             0  0  0   1  0   2  0  0  0  0  0/0     3:30   0:06   0:00 
Michael Frolik           0  0  0   0  0   1  0  0  0  0  0/1    11:47   0:42   0:51 
Michael Ryder            0  1  1  -2  2   2  6  3  0  0  2/4    21:06   6:16   1:55 
Nathan MacKinnon         0  0  0  -2  0   3  0  0  0  0  12/26  24:00   5:29   5:35 
Nikita Nikitin           0  2  2   0  0   1  0  6  0  0  0/0    25:13   5:28   4:53 
Ole-Kristian Tollefson   0  0  0  -1  4   0  3  1  0  0  0/0    13:27   0:00   0:00 
Rob Scuderi              0  0  0   0  0   0  0  0  0  0  0/0     0:00   0:00   0:00 
Seth Jones               0  0  0  -1  0   2  0  2  0  0  0/0    24:57   5:15   4:11 

3 Stars

1 - Blake Wheeler (OTT)
2 - Nick Holden (OTT)
3 - Dany Heatley (SJS)

Power Play

Senators - 2 on 6 Attempt(s) - 33,33%
Sharks - 1 on 7 Attempt(s) - 14,29%

Penalty Kill

Senators - 6 on 7 Attempt(s) - 85,71% - Score 0 goal in Penalty Kill
Sharks - 4 on 6 Attempt(s) - 66,67% - Score 0 goal in Penalty Kill

Team Stat

Senators - Hits : 21 - Faceoff Wins : 51 - Blocked Shots : 13 - Penalty Minutes : 14
Sharks - Hits : 27 - Faceoff Wins : 42 - Blocked Shots : 20 - Penalty Minutes : 12

Official

Referees : Kevin Pollock and Jarrod Ragusin
Linesman : Ian McCambridge and Mark McLean

Game Notes

No Game Note

Finance

Level 1 -- Attendance: 5700 (95,00%) -- Ticket Income 632 700 $
Level 2 -- Attendance: 5000 (100,00%) -- Ticket Income 320 000 $
Level 3 -- Attendance: 2000 (100,00%) -- Ticket Income 96 000 $
Level 4 -- Attendance: 3895 (97,38%) -- Ticket Income 112 955 $
Luxury Box -- Attendance: 1483 (100,00%) -- Ticket Income 348 505 $
Game was played at the HP Pavillion.
Total Attendance: 18078 (97,81%)
Total Ticket Income: 1 510 160 $
Other Income: 739 978 $
Total Income: 2 250 138 $

Senators

5 vs 5 Forward 
   Center                   Left Wing                Right Wing               Time % Phy DF OF 
 1 Boone Jenner             Troy Brouwer             Blake Wheeler            38     0   1  4  
 2 Andrew Cogliano          Valtteri Filppula        Guillaume Desbiens       32     0   1  4  
 3 Jay Beagle               Gabriel Landeskog        J.T. Miller              25     1   2  2  
 4 Jarkko Immonen           Robert Nilsson           Tom Wilson               5      1   3  1  

5 vs 5 Defense 
   Defense                  Defense                                           Time % Phy DF OF 
 1 Greg Amadio              Nick Holden                                       35     0   2  3  
 2 Travis Hamonic           Ron Hainsey                                       32     0   2  3  
 3 Dennis Seidenberg        Nikita Zaytsev                                    28     1   2  2  
 4 Ron Hainsey              Nikita Zaytsev                                    5      1   2  2  

PowerPlay Forward 
   Center                   Left Wing                Right Wing               Time % Phy DF OF 
 1 Boone Jenner             Andrew Cogliano          Blake Wheeler            52     0   0  5  
 2 Valtteri Filppula        Guillaume Desbiens       Troy Brouwer             48     0   0  5  

PowerPlay Defense
   Defense                  Defense                                           Time % Phy DF OF 
 1 Travis Hamonic           Greg Amadio                                       55     0   0  5  
 2 Nick Holden              Nikita Zaytsev                                    45     0   0  5  

Penalty Kill 4 Players Forward 
   Center                   Wing                     Time % Phy DF OF 
 1 Jay Beagle               Tom Wilson               60     1   3  1  
 2 Jarkko Immonen           Troy Brouwer             40     1   3  1  

Penalty Kill 4 Players Defense
   Defense                  Defense                  Time % Phy DF OF 
 1 Greg Amadio              Nick Holden              60     1   4  0  
 2 Dennis Seidenberg        Ron Hainsey              40     1   4  0  

Penalty Kill - 3 Players Forward 
   Forward                                           Time % Phy DF OF 
 1 Jay Beagle                                        50     1   3  1  
 2 Jarkko Immonen                                    50     1   3  1  

Penalty Kill - 3 Players Defense
   Defense                  Defense                  Time % Phy DF OF 
 1 Greg Amadio              Nick Holden              55     1   3  1  
 2 Dennis Seidenberg        Ron Hainsey              45     1   3  1  

4 vs 4 Forward 
   Center                   Wing                     Time % Phy DF OF 
 1 Boone Jenner             Blake Wheeler            60     0   1  4  
 2 J.T. Miller              Andrew Cogliano          40     0   2  3  

4 vs 4 Defense
   Defense                  Defense                  Time % Phy DF OF 
 1 Greg Amadio              Travis Hamonic           55     1   2  2  
 2 Ron Hainsey              Nick Holden              45     1   2  2  

Last Minutes Offensive
   Center                   Left Wing                Right Wing               Defense                  Defense                  
   Boone Jenner             Andrew Cogliano          Blake Wheeler            Greg Amadio              Travis Hamonic           

Last Minutes Defensive
   Center                   Left Wing                Right Wing               Defense                  Defense                  
   Jay Beagle               Troy Brouwer             Tom Wilson               Greg Amadio              Nick Holden              

Goaltenders
Starting : Marc-Andre Fleury        
Backup : Jacob Markstrom          

Extra Forwards
Normal : Andrew Cogliano, Blake Wheeler, Boone Jenner - PP : Andrew Cogliano, Blake Wheeler - PK : Jay Beagle
Extra Defensemen
Normal : Greg Amadio, Nikita Zaytsev, Nick Holden - PP : Travis Hamonic - PK : Dennis Seidenberg, Nick Holden
Penalty Shots
Greg Amadio, Blake Wheeler, Andrew Cogliano, Troy Brouwer, Boone Jenner
Custom OT Lines Forwards
Boone Jenner, Blake Wheeler, Andrew Cogliano, Gabriel Landeskog, Troy Brouwer, J.T. Miller, Valtteri Filppula, Guillaume Desbiens, Jay Beagle, Tom Wilson
Custom OT Lines Defensemen
Greg Amadio, Nick Holden, Travis Hamonic, Nikita Zaytsev, Ron Hainsey

Scratches
David Krejci (Torn Left Knee Ligaments Injury)

Sharks

5 vs 5 Forward 
   Center                   Left Wing                Right Wing               Time % Phy DF OF 
 1 Henrik Zetterberg        Dany Heatley             Marian Gaborik           34     0   0  5  
 2 Nathan MacKinnon         Andrew Ladd              Michael Ryder            34     0   0  5  
 3 Daniel Winnik            Michael Frolik           Cal Clutterbuck          21     1   1  3  
 4 Jean-Gabriel Pageau      Dany Heatley             Mark Letestu             11     0   3  2  

5 vs 5 Defense 
   Defense                  Defense                                           Time % Phy DF OF 
 1 Ole-Kristian Tollefson   Seth Jones                                        35     1   2  2  
 2 Alec Martinez            Nikita Nikitin                                    35     1   2  2  
 3 Colton Parayko           Keith Ballard                                     20     1   2  2  
 4 Nikita Nikitin           Seth Jones                                        10     1   2  2  

PowerPlay Forward 
   Center                   Left Wing                Right Wing               Time % Phy DF OF 
 1 Henrik Zetterberg        Dany Heatley             Nathan MacKinnon         60     1   2  2  
 2 Daniel Winnik            Andrew Ladd              Michael Ryder            40     1   2  2  

PowerPlay Defense
   Defense                  Defense                                           Time % Phy DF OF 
 1 Colton Parayko           Seth Jones                                        60     1   2  2  
 2 Alec Martinez            Nikita Nikitin                                    40     1   2  2  

Penalty Kill 4 Players Forward 
   Center                   Wing                     Time % Phy DF OF 
 1 Nathan MacKinnon         Andrew Ladd              60     1   2  2  
 2 Michael Ryder            Henrik Zetterberg        40     1   2  2  

Penalty Kill 4 Players Defense
   Defense                  Defense                  Time % Phy DF OF 
 1 Keith Ballard            Seth Jones               60     1   2  2  
 2 Alec Martinez            Nikita Nikitin           40     1   2  2  

Penalty Kill - 3 Players Forward 
   Forward                                           Time % Phy DF OF 
 1 Michael Ryder                                     60     1   2  2  
 2 Henrik Zetterberg                                 40     1   2  2  

Penalty Kill - 3 Players Defense
   Defense                  Defense                  Time % Phy DF OF 
 1 Keith Ballard            Seth Jones               60     1   2  2  
 2 Alec Martinez            Nikita Nikitin           40     1   2  2  

4 vs 4 Forward 
   Center                   Wing                     Time % Phy DF OF 
 1 Andrew Ladd              Nathan MacKinnon         60     1   2  2  
 2 Michael Ryder            Henrik Zetterberg        40     1   2  2  

4 vs 4 Defense
   Defense                  Defense                  Time % Phy DF OF 
 1 Colton Parayko           Seth Jones               60     1   2  2  
 2 Alec Martinez            Nikita Nikitin           40     1   2  2  

Last Minutes Offensive
   Center                   Left Wing                Right Wing               Defense                  Defense                  
   Henrik Zetterberg        Dany Heatley             Marian Gaborik           Ole-Kristian Tollefson   Seth Jones               

Last Minutes Defensive
   Center                   Left Wing                Right Wing               Defense                  Defense                  
   Henrik Zetterberg        Dany Heatley             Jean-Gabriel Pageau      Ole-Kristian Tollefson   Seth Jones               

Goaltenders
Starting : Martin Jones             
Backup : Ray Emery                

Extra Forwards
Normal : Nathan MacKinnon, Michael Frolik, Jean-Gabriel Pageau - PP : Nathan MacKinnon, Michael Frolik - PK : Jean-Gabriel Pageau
Extra Defensemen
Normal : Colton Parayko, Keith Ballard, Alec Martinez - PP : Colton Parayko - PK : Keith Ballard, Alec Martinez
Penalty Shots
Nathan MacKinnon, Michael Frolik, Michael Ryder, Henrik Zetterberg, Andrew Ladd
Custom OT Lines Forwards
Dany Heatley, Marian Gaborik, Michael Ryder, Henrik Zetterberg, Andrew Ladd, Daniel Winnik, Nathan MacKinnon, Michael Frolik, Jean-Gabriel Pageau, Cal Clutterbuck
Custom OT Lines Defensemen
Keith Ballard, Seth Jones, Alec Martinez, Nikita Nikitin, Colton Parayko

Scratches
Oscar Lindberg (Healthy)

% Time on Ice - Senators

Lines # - Real PCT - Wanted PCT - Time Play
Normal Forward
1 - 35% - 38% - 13:48
2 - 30% - 32% - 11:50
3 - 25% - 25% - 9:54
4 - 9% - 5% - 3:36
Normal Defense
1 - 34% - 35% - 13:26
2 - 33% - 32% - 13:05
3 - 29% - 28% - 11:13
4 - 4% - 5% - 1:24
PP Forward
1 - 50% - 52% - 4:30
2 - 50% - 48% - 4:31
PP Defense
1 - 52% - 55% - 4:41
2 - 48% - 45% - 4:20
PK Forward
1 - 75% - 60% - 8:12
2 - 25% - 40% - 2:48
PK Defense
1 - 52% - 60% - 5:46
2 - 48% - 40% - 5:14
PK3 Forward
1 - 0% - 50% - 0:00
2 - 100% - 50% - 0:51
PK3 Defense
1 - 0% - 55% - 0:00
2 - 100% - 45% - 0:51
44 Forward
1 - 0% - 60%
2 - 0% - 40%
44 Defense
1 - 0% - 55%
2 - 0% - 45%
Last Minute Offensive  - 0:00
Last Minute Defensive  - 0:00
Total
Forward - 60:00
Defense - 60:00

% Time on Ice - Sharks

Lines # - Real PCT - Wanted PCT - Time Play
Normal Forward
1 - 32% - 34% - 12:34
2 - 33% - 34% - 12:56
3 - 26% - 21% - 10:14
4 - 9% - 11% - 3:24
Normal Defense
1 - 34% - 35% - 13:29
2 - 33% - 35% - 12:50
3 - 28% - 20% - 10:47
4 - 5% - 10% - 2:02
PP Forward
1 - 46% - 60% - 5:29
2 - 54% - 40% - 6:22
PP Defense
1 - 54% - 60% - 6:23
2 - 46% - 40% - 5:28
PK Forward
1 - 71% - 60% - 6:26
2 - 29% - 40% - 2:35
PK Defense
1 - 46% - 60% - 4:11
2 - 54% - 40% - 4:50
PK3 Forward
1 - 0% - 60%
2 - 0% - 40%
PK3 Defense
1 - 0% - 60%
2 - 0% - 40%
44 Forward
1 - 0% - 60%
2 - 0% - 40%
44 Defense
1 - 0% - 60%
2 - 0% - 40%
Last Minute Offensive  - 0:00
Last Minute Defensive  - 0:00
Total
Forward - 60:00
Defense - 60:00

Play by Play

1st period


0:01 of 1st period - Henrik Zetterberg wins face-off versus Blake Wheeler in neutral zone.
0:03 of 1st period - Off-side.
0:04 of 1st period - Nathan MacKinnon wins face-off versus Andrew Cogliano in neutral zone.
0:09 of 1st period - Shot by Nathan MacKinnon.
0:09 of 1st period - Shot Misses the Net.
0:25 of 1st period - Shot by Andrew Ladd.
0:25 of 1st period - Shot Misses the Net.
0:37 of 1st period - Shot by Nathan MacKinnon.
0:37 of 1st period - Shot Blocked by Travis Hamonic.
0:39 of 1st period - Shot by Andrew Ladd.
0:39 of 1st period - Shot Misses the Net.
0:43 of 1st period - Shot by Michael Ryder.
0:43 of 1st period - Deflect By Nathan MacKinnon.
0:43 of 1st period - Shot Blocked by Ron Hainsey.
0:45 of 1st period - Shot by Nathan MacKinnon.
0:45 of 1st period - Shot Blocked by Ron Hainsey.
0:47 of 1st period - Shot by Nathan MacKinnon.
0:47 of 1st period - Stopped by Marc-Andre Fleury without a rebound.
0:48 of 1st period - Henrik Zetterberg wins face-off versus Boone Jenner in Senators zone.
0:55 of 1st period - Shot by Dany Heatley.
0:55 of 1st period - Shot Blocked by Dennis Seidenberg.
0:57 of 1st period - Shot by Marian Gaborik.
0:57 of 1st period - Stopped by Marc-Andre Fleury without a rebound.
0:58 of 1st period - Daniel Winnik wins face-off versus Jay Beagle in Senators zone.
1:17 of 1st period - Shot by Daniel Winnik.
1:17 of 1st period - Deflect By Cal Clutterbuck.
1:17 of 1st period - Shot Misses the Net.
1:19 of 1st period - Shot by Michael Frolik.
1:19 of 1st period - Shot Misses the Net.
1:21 of 1st period - Shot by Keith Ballard.
1:21 of 1st period - Stopped by Marc-Andre Fleury without a rebound.
1:22 of 1st period - Dany Heatley wins face-off versus Boone Jenner in Senators zone.
1:43 of 1st period - Shot by Dany Heatley.
1:43 of 1st period - Shot Misses the Net.
1:45 of 1st period - Shot by Dany Heatley.
1:45 of 1st period - Stopped by Marc-Andre Fleury without a rebound.
1:46 of 1st period - Daniel Winnik wins face-off versus Jarkko Immonen in Senators zone.
2:36 of 1st period - Icing by Nick Holden.
2:37 of 1st period - Jarkko Immonen wins face-off versus Henrik Zetterberg in Senators zone.
2:55 of 1st period - Seth Jones is hit by Nikita Zaytsev and loses puck.
4:44 of 1st period - Nick Holden is hit by Ole-Kristian Tollefson and loses puck.
4:45 of 1st period - Minor Penalty to Ole-Kristian Tollefson for Cross-checking.
4:46 of 1st period - Boone Jenner wins face-off versus Jean-Gabriel Pageau in Sharks zone.
5:20 of 1st period - Shot by Nikita Zaytsev.
5:20 of 1st period - Shot Blocked by Andrew Ladd.
5:58 of 1st period - Shot by Travis Hamonic.
5:58 of 1st period - Shot Misses the Net.
7:15 of 1st period - Henrik Zetterberg is hit by Dennis Seidenberg and loses puck.
8:07 of 1st period - Shot by Jean-Gabriel Pageau.
8:07 of 1st period - Shot Blocked by Jarkko Immonen.
8:09 of 1st period - Shot by Dany Heatley.
8:09 of 1st period - Goal by Dany Heatley - Senators : 0 - Sharks : 1.
8:10 of 1st period - Boone Jenner wins face-off versus Nathan MacKinnon in neutral zone.
8:26 of 1st period - Travis Hamonic is hit by Keith Ballard and loses puck.
8:58 of 1st period - Icing by Keith Ballard.
8:59 of 1st period - Andrew Ladd wins face-off versus Andrew Cogliano in Sharks zone.
9:10 of 1st period - Shot by Greg Amadio.
9:10 of 1st period - Stopped by Martin Jones without a rebound.
9:11 of 1st period - Henrik Zetterberg wins face-off versus Jarkko Immonen in Sharks zone.
10:02 of 1st period - Shot by Guillaume Desbiens.
10:02 of 1st period - Shot Misses the Net.
10:04 of 1st period - Shot by Greg Amadio.
10:04 of 1st period - Stopped by Martin Jones without a rebound.
10:05 of 1st period - Daniel Winnik wins face-off versus Andrew Cogliano in Sharks zone.
10:24 of 1st period - Shot by Daniel Winnik.
10:24 of 1st period - Deflect By Cal Clutterbuck.
10:24 of 1st period - Shot Misses the Net.
10:57 of 1st period - Guillaume Desbiens is hit by Michael Ryder and loses puck.
11:25 of 1st period - Off-side.
11:26 of 1st period - Jay Beagle wins face-off versus Jean-Gabriel Pageau in neutral zone.
11:38 of 1st period - Icing by Ole-Kristian Tollefson.
11:39 of 1st period - Jean-Gabriel Pageau wins face-off versus Boone Jenner in Sharks zone.
11:39 of 1st period - Jean-Gabriel Pageau is hit by Troy Brouwer.
11:47 of 1st period - Shot by Blake Wheeler.
11:47 of 1st period - Shot Misses the Net.
12:05 of 1st period - Shot by Mark Letestu.
12:05 of 1st period - Stopped by Marc-Andre Fleury without a rebound.
12:06 of 1st period - Jay Beagle wins face-off versus Nathan MacKinnon in Senators zone.
12:29 of 1st period - Shot by J.T. Miller.
12:29 of 1st period - Stopped by Martin Jones with a rebound.
12:31 of 1st period - Shot by Jay Beagle.
12:31 of 1st period - Shot Misses the Net.
13:22 of 1st period - Boone Jenner is hit by Ole-Kristian Tollefson and loses puck.
13:33 of 1st period - Shot by Greg Amadio.
13:33 of 1st period - Stopped by Martin Jones without a rebound.
13:34 of 1st period - Andrew Cogliano wins face-off versus Daniel Winnik in Sharks zone.
14:11 of 1st period - Icing by Travis Hamonic.
14:12 of 1st period - Henrik Zetterberg wins face-off versus Andrew Cogliano in Senators zone.
14:35 of 1st period - Dany Heatley is hit by Boone Jenner and loses puck.
14:54 of 1st period - Henrik Zetterberg is hit by Troy Brouwer and loses puck.
15:56 of 1st period - Shot by Andrew Ladd.
15:56 of 1st period - Shot Blocked by Jay Beagle.
15:58 of 1st period - Shot by Nathan MacKinnon.
15:58 of 1st period - Shot Misses the Net.
16:45 of 1st period - Shot by Daniel Winnik.
16:45 of 1st period - Stopped by Marc-Andre Fleury with a rebound.
16:47 of 1st period - Shot by Michael Frolik.
16:47 of 1st period - Stopped by Marc-Andre Fleury without a rebound.
16:48 of 1st period - Daniel Winnik wins face-off versus Andrew Cogliano in Senators zone.
17:05 of 1st period - Shot by Cal Clutterbuck.
17:05 of 1st period - Stopped by Marc-Andre Fleury without a rebound.
17:06 of 1st period - Dany Heatley wins face-off versus Jarkko Immonen in Senators zone.
18:36 of 1st period - Shot by Andrew Cogliano.
18:36 of 1st period - Shot Blocked by Michael Ryder.
18:42 of 1st period - Shot by Guillaume Desbiens.
18:42 of 1st period - Stopped by Martin Jones without a rebound.
18:43 of 1st period - Daniel Winnik wins face-off versus Boone Jenner in Sharks zone.
18:56 of 1st period - Shot by Cal Clutterbuck.
18:56 of 1st period - Shot Blocked by Dennis Seidenberg.
19:56 of 1st period - Shot by J.T. Miller.
19:56 of 1st period - Shot Misses the Net.
Goals for this period are 0 for Senators vs 1 for Sharks.
Shots for this period are 5 for Senators vs 9 for Sharks.

2nd period


0:01 of 2nd period - Andrew Cogliano wins face-off versus Henrik Zetterberg in neutral zone.
0:14 of 2nd period - Marian Gaborik is hit by Greg Amadio and loses puck.
0:19 of 2nd period - Shot by Marian Gaborik.
0:19 of 2nd period - Shot Misses the Net.
0:21 of 2nd period - Shot by Henrik Zetterberg.
0:21 of 2nd period - Shot Misses the Net.
0:23 of 2nd period - Shot by Dany Heatley.
0:23 of 2nd period - Stopped by Marc-Andre Fleury without a rebound.
0:24 of 2nd period - Boone Jenner wins face-off versus Nathan MacKinnon in Senators zone.
1:07 of 2nd period - Shot by Troy Brouwer.
1:07 of 2nd period - Shot Blocked by Seth Jones.
1:29 of 2nd period - Shot by Marian Gaborik.
1:29 of 2nd period - Shot Misses the Net.
1:31 of 2nd period - Shot by Dany Heatley.
1:31 of 2nd period - Shot Misses the Net.
1:33 of 2nd period - Shot by Marian Gaborik.
1:33 of 2nd period - Shot Misses the Net.
1:35 of 2nd period - Shot by Marian Gaborik.
1:35 of 2nd period - Stopped by Marc-Andre Fleury without a rebound.
1:36 of 2nd period - Jay Beagle wins face-off versus Daniel Winnik in Senators zone.
1:36 of 2nd period - Jay Beagle is hit by Cal Clutterbuck.
1:45 of 2nd period - Shot by J.T. Miller.
1:45 of 2nd period - Stopped by Martin Jones with a rebound.
1:53 of 2nd period - Shot by Gabriel Landeskog.
1:53 of 2nd period - Stopped by Martin Jones with a rebound.
1:55 of 2nd period - Shot by Jay Beagle.
1:55 of 2nd period - Shot Blocked by Colton Parayko.
1:57 of 2nd period - Shot by Gabriel Landeskog.
1:57 of 2nd period - Shot Blocked by Colton Parayko.
1:59 of 2nd period - Shot by Jay Beagle.
1:59 of 2nd period - Stopped by Martin Jones without a rebound.
2:00 of 2nd period - Henrik Zetterberg wins face-off versus Andrew Cogliano in Sharks zone.
2:00 of 2nd period - Henrik Zetterberg is hit by Guillaume Desbiens.
2:07 of 2nd period - Minor Penalty to Greg Amadio for Roughing.
2:08 of 2nd period - Henrik Zetterberg wins face-off versus Jay Beagle in Senators zone.
2:47 of 2nd period - Shot by Colton Parayko.
2:47 of 2nd period - Stopped by Marc-Andre Fleury without a rebound.
2:48 of 2nd period - Daniel Winnik wins face-off versus Jay Beagle in Senators zone.
2:53 of 2nd period - Shot by Nikita Nikitin.
2:53 of 2nd period - Stopped by Marc-Andre Fleury with a rebound.
2:55 of 2nd period - Shot by Daniel Winnik.
2:55 of 2nd period - Goal by Daniel Winnik - Senators : 0 - Sharks : 2.
2:56 of 2nd period - Daniel Winnik wins face-off versus Andrew Cogliano in neutral zone.
3:15 of 2nd period - Shot by Valtteri Filppula.
3:15 of 2nd period - Shot Misses the Net.
3:26 of 2nd period - Valtteri Filppula is hit by Alec Martinez.
3:28 of 2nd period - Shot by Ron Hainsey.
3:28 of 2nd period - Stopped by Martin Jones without a rebound.
3:29 of 2nd period - Henrik Zetterberg wins face-off versus Boone Jenner in Sharks zone.
3:29 of 2nd period - Dany Heatley is hit by Troy Brouwer and loses puck.
3:46 of 2nd period - Shot by Blake Wheeler.
3:46 of 2nd period - Goal by Blake Wheeler - Senators : 1 - Sharks : 2.
3:47 of 2nd period - Michael Ryder wins face-off versus Jay Beagle in neutral zone.
4:11 of 2nd period - Shot by Jay Beagle.
4:11 of 2nd period - Shot Misses the Net.
4:28 of 2nd period - Shot by Michael Ryder.
4:28 of 2nd period - Stopped by Marc-Andre Fleury without a rebound.
4:29 of 2nd period - Henrik Zetterberg wins face-off versus Boone Jenner in Senators zone.
4:34 of 2nd period - Shot by Dany Heatley.
4:34 of 2nd period - Stopped by Marc-Andre Fleury without a rebound.
4:35 of 2nd period - Troy Brouwer wins face-off versus Henrik Zetterberg in Senators zone.
4:44 of 2nd period - Travis Hamonic is hit by Dany Heatley and loses puck.
4:57 of 2nd period - Shot by Henrik Zetterberg.
4:57 of 2nd period - Shot Misses the Net.
4:59 of 2nd period - Shot by Nikita Nikitin.
4:59 of 2nd period - Shot Misses the Net.
5:01 of 2nd period - Shot by Dany Heatley.
5:01 of 2nd period - Shot Blocked by Boone Jenner.
5:03 of 2nd period - Shot by Henrik Zetterberg.
5:03 of 2nd period - Shot Misses the Net.
5:05 of 2nd period - Shot by Dany Heatley.
5:05 of 2nd period - Goal by Dany Heatley - Senators : 1 - Sharks : 3.
5:06 of 2nd period - Nathan MacKinnon wins face-off versus Andrew Cogliano in neutral zone.
5:15 of 2nd period - Shot by Andrew Cogliano.
5:15 of 2nd period - Deflect By Guillaume Desbiens.
5:15 of 2nd period - Shot Misses the Net.
5:43 of 2nd period - Andrew Cogliano is hit by Ole-Kristian Tollefson and loses puck.
6:03 of 2nd period - Icing by Ron Hainsey.
6:04 of 2nd period - Marian Gaborik wins face-off versus Boone Jenner in Senators zone.
6:12 of 2nd period - Minor Penalty to Troy Brouwer for Tripping.
6:13 of 2nd period - Jay Beagle wins face-off versus Henrik Zetterberg in Senators zone.
6:51 of 2nd period - Shot by Dany Heatley.
6:51 of 2nd period - Stopped by Marc-Andre Fleury without a rebound.
6:52 of 2nd period - Jay Beagle wins face-off versus Daniel Winnik in Senators zone.
7:21 of 2nd period - Icing by Andrew Ladd.
7:22 of 2nd period - Michael Ryder wins face-off versus Jay Beagle in Sharks zone.
7:35 of 2nd period - Shot by Andrew Ladd.
7:35 of 2nd period - Shot Misses the Net.
7:37 of 2nd period - Shot by Seth Jones.
7:37 of 2nd period - Shot Misses the Net.
7:39 of 2nd period - Shot by Daniel Winnik.
7:39 of 2nd period - Shot Misses the Net.
7:41 of 2nd period - Shot by Daniel Winnik.
7:41 of 2nd period - Stopped by Marc-Andre Fleury without a rebound.
7:42 of 2nd period - Henrik Zetterberg wins face-off versus Jarkko Immonen in Senators zone.
8:40 of 2nd period - Shot by Troy Brouwer.
8:40 of 2nd period - Stopped by Martin Jones without a rebound.
8:41 of 2nd period - Jean-Gabriel Pageau wins face-off versus Andrew Cogliano in Sharks zone.
8:41 of 2nd period - Jean-Gabriel Pageau is hit by Guillaume Desbiens.
8:46 of 2nd period - Keith Ballard is hit by Greg Amadio and loses puck.
8:54 of 2nd period - Off-side.
8:55 of 2nd period - Jay Beagle wins face-off versus Nathan MacKinnon in neutral zone.
9:05 of 2nd period - Gabriel Landeskog is hit by Alec Martinez and loses puck.
9:13 of 2nd period - Shot by J.T. Miller.
9:13 of 2nd period - Shot Misses the Net.
9:39 of 2nd period - Alec Martinez is hit by Gabriel Landeskog and loses puck.
10:02 of 2nd period - Shot by Blake Wheeler.
10:02 of 2nd period - Stopped by Martin Jones with a rebound.
10:06 of 2nd period - Shot by Troy Brouwer.
10:06 of 2nd period - Stopped by Martin Jones without a rebound.
10:07 of 2nd period - Andrew Cogliano wins face-off versus Daniel Winnik in Sharks zone.
10:07 of 2nd period - Nikita Zaytsev is hit by Keith Ballard and loses puck.
10:17 of 2nd period - Valtteri Filppula is hit by Keith Ballard and loses puck.
10:21 of 2nd period - Guillaume Desbiens is hit by Keith Ballard and loses puck.
11:18 of 2nd period - Shot by Blake Wheeler.
11:18 of 2nd period - Stopped by Martin Jones without a rebound.
11:19 of 2nd period - Nathan MacKinnon wins face-off versus Boone Jenner in Sharks zone.
11:36 of 2nd period - Shot by Nathan MacKinnon.
11:36 of 2nd period - Stopped by Marc-Andre Fleury without a rebound.
11:37 of 2nd period - Jay Beagle wins face-off versus Henrik Zetterberg in Senators zone.
12:01 of 2nd period - Icing by Ron Hainsey.
12:02 of 2nd period - Gabriel Landeskog wins face-off versus Nathan MacKinnon in Senators zone.
12:36 of 2nd period - Icing by Travis Hamonic.
12:37 of 2nd period - Marian Gaborik wins face-off versus Jay Beagle in Senators zone.
13:29 of 2nd period - Off-side.
13:30 of 2nd period - Andrew Cogliano wins face-off versus Nathan MacKinnon in neutral zone.
13:30 of 2nd period - Nikita Zaytsev is hit by Michael Ryder and loses puck.
13:51 of 2nd period - Shot by Guillaume Desbiens.
13:51 of 2nd period - Shot Misses the Net.
13:52 of 2nd period - Minor Penalty to Alec Martinez for Holding.
13:53 of 2nd period - Nathan MacKinnon wins face-off versus Boone Jenner in Sharks zone.
14:02 of 2nd period - Shot by Travis Hamonic.
14:02 of 2nd period - Stopped by Martin Jones without a rebound.
14:03 of 2nd period - Nathan MacKinnon wins face-off versus Valtteri Filppula in Sharks zone.
14:40 of 2nd period - Michael Ryder is hit by Guillaume Desbiens and loses puck.
14:45 of 2nd period - Shot by Valtteri Filppula.
14:45 of 2nd period - Stopped by Martin Jones without a rebound.
14:46 of 2nd period - Boone Jenner wins face-off versus Nathan MacKinnon in Sharks zone.
15:05 of 2nd period - Shot by Greg Amadio.
15:05 of 2nd period - Stopped by Martin Jones without a rebound.
15:06 of 2nd period - Boone Jenner wins face-off versus Henrik Zetterberg in Sharks zone.
15:09 of 2nd period - Shot by Greg Amadio.
15:09 of 2nd period - Shot Blocked by Michael Ryder.
15:11 of 2nd period - Shot by Travis Hamonic.
15:11 of 2nd period - Shot Blocked by Nikita Nikitin.
15:13 of 2nd period - Shot by Andrew Cogliano.
15:13 of 2nd period - Stopped by Martin Jones with a rebound.
15:15 of 2nd period - Shot by Travis Hamonic.
15:15 of 2nd period - Shot Blocked by Colton Parayko.
15:17 of 2nd period - Shot by Andrew Cogliano.
15:17 of 2nd period - Shot Blocked by Nikita Nikitin.
15:37 of 2nd period - Shot by Boone Jenner.
15:37 of 2nd period - Stopped by Martin Jones with a rebound.
16:02 of 2nd period - Shot by Mark Letestu.
16:02 of 2nd period - Stopped by Marc-Andre Fleury without a rebound.
16:03 of 2nd period - Jarkko Immonen wins face-off versus Henrik Zetterberg in Senators zone.
16:34 of 2nd period - Shot by Tom Wilson.
16:34 of 2nd period - Deflect By Jarkko Immonen.
16:34 of 2nd period - Shot Misses the Net.
16:36 of 2nd period - Shot by Tom Wilson.
16:36 of 2nd period - Shot Blocked by Ole-Kristian Tollefson.
16:38 of 2nd period - Shot by Jarkko Immonen.
16:38 of 2nd period - Stopped by Martin Jones without a rebound.
16:39 of 2nd period - Daniel Winnik wins face-off versus Jay Beagle in Sharks zone.
17:03 of 2nd period - Icing by Nikita Nikitin.
17:04 of 2nd period - Boone Jenner wins face-off versus Cal Clutterbuck in Sharks zone.
17:31 of 2nd period - Shot by Boone Jenner.
17:31 of 2nd period - Shot Blocked by Nikita Nikitin.
18:07 of 2nd period - Icing by Daniel Winnik.
18:08 of 2nd period - Andrew Cogliano wins face-off versus Daniel Winnik in Sharks zone.
18:13 of 2nd period - Shot by Greg Amadio.
18:13 of 2nd period - Shot Misses the Net.
18:19 of 2nd period - Shot by Andrew Cogliano.
18:19 of 2nd period - Shot Misses the Net.
18:21 of 2nd period - Shot by Greg Amadio.
18:21 of 2nd period - Stopped by Martin Jones without a rebound.
18:22 of 2nd period - Jay Beagle wins face-off versus Henrik Zetterberg in Sharks zone.
18:25 of 2nd period - Shot by Gabriel Landeskog.
18:25 of 2nd period - Stopped by Martin Jones without a rebound.
18:26 of 2nd period - Andrew Cogliano wins face-off versus Henrik Zetterberg in Sharks zone.
18:29 of 2nd period - Shot by Nick Holden.
18:29 of 2nd period - Shot Misses the Net.
18:41 of 2nd period - Shot by Henrik Zetterberg.
18:41 of 2nd period - Shot Misses the Net.
18:58 of 2nd period - Shot by Seth Jones.
18:58 of 2nd period - Shot Blocked by Greg Amadio.
19:17 of 2nd period - Off-side.
19:18 of 2nd period - Blake Wheeler wins face-off versus Nathan MacKinnon in neutral zone.
19:21 of 2nd period - Shot by Dennis Seidenberg.
19:21 of 2nd period - Shot Blocked by Michael Ryder.
19:23 of 2nd period - Shot by Dennis Seidenberg.
19:23 of 2nd period - Goal by Dennis Seidenberg - Senators : 2 - Sharks : 3.
19:24 of 2nd period - Nathan MacKinnon wins face-off versus Boone Jenner in neutral zone.
19:36 of 2nd period - Dennis Seidenberg is hit by Michael Ryder and loses puck.
19:58 of 2nd period - Icing by Dennis Seidenberg.
19:59 of 2nd period - Boone Jenner wins face-off versus Henrik Zetterberg in Senators zone.
19:59 of 2nd period - Boone Jenner is hit by Dany Heatley.
Goals for this period are 2 for Senators vs 2 for Sharks.
Shots for this period are 18 for Senators vs 12 for Sharks.

3rd period


0:01 of 3rd period - Boone Jenner wins face-off versus Henrik Zetterberg in neutral zone.
0:04 of 3rd period - Henrik Zetterberg is hit by Boone Jenner and loses puck.
0:16 of 3rd period - Shot by Boone Jenner.
0:16 of 3rd period - Deflect By Blake Wheeler.
0:16 of 3rd period - Shot Misses the Net.
1:11 of 3rd period - Shot by Andrew Cogliano.
1:11 of 3rd period - Shot Blocked by Marian Gaborik.
1:13 of 3rd period - Shot by Ron Hainsey.
1:13 of 3rd period - Stopped by Martin Jones without a rebound.
1:14 of 3rd period - Nathan MacKinnon wins face-off versus Jay Beagle in Sharks zone.
1:16 of 3rd period - Minor Penalty to Gabriel Landeskog for High sticking.
1:17 of 3rd period - Jay Beagle wins face-off versus Daniel Winnik in Senators zone.
2:38 of 3rd period - Jarkko Immonen is hit by Dany Heatley and loses puck.
3:16 of 3rd period - Alec Martinez is hit by Nikita Zaytsev and loses puck.
3:24 of 3rd period - Minor Penalty to Dennis Seidenberg for Hooking.
3:25 of 3rd period - Jarkko Immonen wins face-off versus Daniel Winnik in Senators zone.
3:40 of 3rd period - Shot by Seth Jones.
3:40 of 3rd period - Shot Misses the Net.
3:42 of 3rd period - Shot by Colton Parayko.
3:42 of 3rd period - Shot Blocked by Greg Amadio.
3:44 of 3rd period - Shot by Andrew Ladd.
3:44 of 3rd period - Shot Hit the Post.
3:46 of 3rd period - Shot by Daniel Winnik.
3:46 of 3rd period - Stopped by Marc-Andre Fleury without a rebound.
3:47 of 3rd period - Jay Beagle wins face-off versus Michael Frolik in Senators zone.
3:47 of 3rd period - Jay Beagle is hit by Dany Heatley.
4:01 of 3rd period - Shot by Alec Martinez.
4:01 of 3rd period - Shot Blocked by Jay Beagle.
4:03 of 3rd period - Shot by Dany Heatley.
4:03 of 3rd period - Stopped by Marc-Andre Fleury with a rebound.
4:14 of 3rd period - Shot by Nathan MacKinnon.
4:14 of 3rd period - Stopped by Marc-Andre Fleury without a rebound.
4:15 of 3rd period - Jarkko Immonen wins face-off versus Daniel Winnik in Senators zone.
4:15 of 3rd period - Nick Holden is hit by Michael Ryder and loses puck.
4:30 of 3rd period - Shot by Seth Jones.
4:30 of 3rd period - Shot Misses the Net.
4:32 of 3rd period - Shot by Michael Ryder.
4:32 of 3rd period - Stopped by Marc-Andre Fleury without a rebound.
4:32 of 3rd period - Minor Penalty to Marc-Andre Fleury for Slashing.
4:33 of 3rd period - Henrik Zetterberg wins face-off versus Jarkko Immonen in Senators zone.
4:52 of 3rd period - Shot by Dany Heatley.
4:52 of 3rd period - Shot Misses the Net.
4:54 of 3rd period - Shot by Dany Heatley.
4:54 of 3rd period - Shot Blocked by Nick Holden.
4:56 of 3rd period - Shot by Dany Heatley.
4:56 of 3rd period - Stopped by Marc-Andre Fleury with a rebound.
4:58 of 3rd period - Shot by Nathan MacKinnon.
4:58 of 3rd period - Shot Misses the Net.
5:00 of 3rd period - Shot by Henrik Zetterberg.
5:00 of 3rd period - Stopped by Marc-Andre Fleury with a rebound.
5:51 of 3rd period - Shot by Seth Jones.
5:51 of 3rd period - Stopped by Marc-Andre Fleury without a rebound.
5:52 of 3rd period - Henrik Zetterberg wins face-off versus Jay Beagle in Senators zone.
6:09 of 3rd period - Shot by Jay Beagle.
6:09 of 3rd period - Stopped by Martin Jones without a rebound.
6:10 of 3rd period - Jay Beagle wins face-off versus Daniel Winnik in Sharks zone.
6:21 of 3rd period - Shot by Alec Martinez.
6:21 of 3rd period - Stopped by Marc-Andre Fleury with a rebound.
6:23 of 3rd period - Shot by Daniel Winnik.
6:23 of 3rd period - Stopped by Marc-Andre Fleury without a rebound.
6:24 of 3rd period - Jay Beagle wins face-off versus Henrik Zetterberg in Senators zone.
7:15 of 3rd period - Icing by Travis Hamonic.
7:16 of 3rd period - Andrew Cogliano wins face-off versus Nathan MacKinnon in Senators zone.
7:57 of 3rd period - Shot by Blake Wheeler.
7:57 of 3rd period - Goal by Blake Wheeler - Senators : 3 - Sharks : 3.
7:58 of 3rd period - Jay Beagle wins face-off versus Henrik Zetterberg in neutral zone.
8:19 of 3rd period - Nikita Zaytsev is hit by Keith Ballard and loses puck.
8:34 of 3rd period - Shot by Henrik Zetterberg.
8:34 of 3rd period - Shot Misses the Net.
8:39 of 3rd period - Marian Gaborik is hit by Nikita Zaytsev and loses puck.
8:41 of 3rd period - Minor Penalty to Nikita Zaytsev for High sticking.
8:42 of 3rd period - Jay Beagle wins face-off versus Daniel Winnik in Senators zone.
8:42 of 3rd period - Jay Beagle is hit by Michael Ryder.
9:13 of 3rd period - Nikita Nikitin is hit by Troy Brouwer and loses puck.
9:54 of 3rd period - Shot by Seth Jones.
9:54 of 3rd period - Deflect By Henrik Zetterberg.
9:54 of 3rd period - Shot Misses the Net.
9:56 of 3rd period - Shot by Dany Heatley.
9:56 of 3rd period - Shot Blocked by Greg Amadio.
9:58 of 3rd period - Shot by Henrik Zetterberg.
9:58 of 3rd period - Stopped by Marc-Andre Fleury without a rebound.
9:59 of 3rd period - Jay Beagle wins face-off versus Daniel Winnik in Senators zone.
10:52 of 3rd period - Shot by Dany Heatley.
10:52 of 3rd period - Stopped by Marc-Andre Fleury without a rebound.
10:53 of 3rd period - Andrew Cogliano wins face-off versus Jean-Gabriel Pageau in Senators zone.
10:53 of 3rd period - Andrew Cogliano is hit by Dany Heatley.
11:24 of 3rd period - Minor Penalty to Dany Heatley for Slashing.
11:25 of 3rd period - Boone Jenner wins face-off versus Nathan MacKinnon in Sharks zone.
11:28 of 3rd period - Shot by Nick Holden.
11:28 of 3rd period - Shot Blocked by Nikita Nikitin.
11:30 of 3rd period - Shot by Nick Holden.
11:30 of 3rd period - Stopped by Martin Jones without a rebound.
11:31 of 3rd period - Nathan MacKinnon wins face-off versus Boone Jenner in Sharks zone.
11:43 of 3rd period - Nikita Zaytsev is hit by Alec Martinez and loses puck.
11:50 of 3rd period - Shot by Nikita Zaytsev.
11:50 of 3rd period - Stopped by Martin Jones with a rebound.
11:52 of 3rd period - Shot by Nick Holden.
11:52 of 3rd period - Shot Misses the Net.
11:54 of 3rd period - Shot by Andrew Cogliano.
11:54 of 3rd period - Goal by Andrew Cogliano - Senators : 4 - Sharks : 3.
11:55 of 3rd period - Daniel Winnik wins face-off versus Jay Beagle in neutral zone.
12:06 of 3rd period - Shot by J.T. Miller.
12:06 of 3rd period - Stopped by Martin Jones without a rebound.
12:07 of 3rd period - Boone Jenner wins face-off versus Marian Gaborik in Sharks zone.
12:08 of 3rd period - Shot by Blake Wheeler.
12:08 of 3rd period - Deflect By Boone Jenner.
12:08 of 3rd period - Shot Misses the Net.
12:14 of 3rd period - Shot by Marian Gaborik.
12:14 of 3rd period - Shot Hit the Post.
12:16 of 3rd period - Shot by Nikita Nikitin.
12:16 of 3rd period - Shot Misses the Net.
12:30 of 3rd period - Shot by Marian Gaborik.
12:30 of 3rd period - Stopped by Marc-Andre Fleury without a rebound.
12:31 of 3rd period - Nathan MacKinnon wins face-off versus Jay Beagle in Senators zone.
12:31 of 3rd period - Michael Ryder is hit by Greg Amadio and loses puck.
12:39 of 3rd period - Minor Penalty to Michael Ryder for Interference.
12:40 of 3rd period - Blake Wheeler wins face-off versus Nathan MacKinnon in Sharks zone.
13:37 of 3rd period - Shot by Nikita Zaytsev.
13:37 of 3rd period - Stopped by Martin Jones with a rebound.
14:07 of 3rd period - Shot by Valtteri Filppula.
14:07 of 3rd period - Deflect By Troy Brouwer.
14:07 of 3rd period - Shot Blocked by Henrik Zetterberg.
14:09 of 3rd period - Shot by Nikita Zaytsev.
14:09 of 3rd period - Shot Misses the Net.
14:11 of 3rd period - Shot by Nick Holden.
14:11 of 3rd period - Stopped by Martin Jones without a rebound.
14:12 of 3rd period - Boone Jenner wins face-off versus Nathan MacKinnon in Sharks zone.
14:44 of 3rd period - Seth Jones is hit by Nikita Zaytsev.
14:45 of 3rd period - Minor Penalty to Dennis Seidenberg for Tripping.
14:46 of 3rd period - Jay Beagle wins face-off versus Daniel Winnik in Senators zone.
14:57 of 3rd period - Shot by Daniel Winnik.
14:57 of 3rd period - Stopped by Marc-Andre Fleury with a rebound.
14:59 of 3rd period - Shot by Seth Jones.
14:59 of 3rd period - Stopped by Marc-Andre Fleury without a rebound.
15:00 of 3rd period - Jay Beagle wins face-off versus Henrik Zetterberg in Senators zone.
15:59 of 3rd period - Shot by Alec Martinez.
15:59 of 3rd period - Stopped by Marc-Andre Fleury without a rebound.
16:00 of 3rd period - Jay Beagle wins face-off versus Daniel Winnik in Senators zone.
16:36 of 3rd period - Alec Martinez is hit by Greg Amadio and loses puck.
16:57 of 3rd period - Shot by Jean-Gabriel Pageau.
16:57 of 3rd period - Stopped by Marc-Andre Fleury without a rebound.
16:58 of 3rd period - Henrik Zetterberg wins face-off versus Boone Jenner in Senators zone.
17:06 of 3rd period - Icing by Travis Hamonic.
17:07 of 3rd period - Boone Jenner wins face-off versus Henrik Zetterberg in Senators zone.
17:09 of 3rd period - Blake Wheeler is hit by Dany Heatley.
17:12 of 3rd period - Ron Hainsey is hit by Keith Ballard and loses puck.
17:18 of 3rd period - Minor Penalty to Dany Heatley for Hooking.
17:19 of 3rd period - Nathan MacKinnon wins face-off versus Boone Jenner in Sharks zone.
17:27 of 3rd period - Andrew Cogliano is hit by Keith Ballard and loses puck.
17:46 of 3rd period - Shot by Greg Amadio.
17:46 of 3rd period - Stopped by Martin Jones without a rebound.
17:47 of 3rd period - Valtteri Filppula wins face-off versus Michael Ryder in Sharks zone.
17:52 of 3rd period - Shot by Nick Holden.
17:52 of 3rd period - Stopped by Martin Jones without a rebound.
17:53 of 3rd period - Nathan MacKinnon wins face-off versus Valtteri Filppula in Sharks zone.
17:53 of 3rd period - Andrew Ladd is hit by Guillaume Desbiens and loses puck.
18:07 of 3rd period - Icing by Nikita Zaytsev.
18:08 of 3rd period - Troy Brouwer wins face-off versus Nathan MacKinnon in Senators zone.
18:08 of 3rd period - Troy Brouwer is hit by Keith Ballard.
18:38 of 3rd period - Shot by Nikita Zaytsev.
18:38 of 3rd period - Shot Hit the Post.
18:40 of 3rd period - Shot by Guillaume Desbiens.
18:40 of 3rd period - Shot Blocked by Alec Martinez.
18:42 of 3rd period - Shot by Nick Holden.
18:42 of 3rd period - Shot Misses the Net.
18:44 of 3rd period - Shot by Troy Brouwer.
18:44 of 3rd period - Shot Blocked by Nikita Nikitin.
18:46 of 3rd period - Shot by Nick Holden.
18:46 of 3rd period - Goal by Nick Holden - Senators : 5 - Sharks : 3.
18:47 of 3rd period - Jay Beagle wins face-off versus Jean-Gabriel Pageau in neutral zone.
18:53 of 3rd period - Minor Penalty to Ole-Kristian Tollefson for Hooking.
18:54 of 3rd period - Nathan MacKinnon wins face-off versus Boone Jenner in Sharks zone.
19:15 of 3rd period - Shot by Greg Amadio.
19:15 of 3rd period - Shot Blocked by Nikita Nikitin.
19:17 of 3rd period - Shot by Greg Amadio.
19:17 of 3rd period - Shot Blocked by Alec Martinez.
19:19 of 3rd period - Shot by Greg Amadio.
19:19 of 3rd period - Shot Misses the Net.
19:21 of 3rd period - Shot by Greg Amadio.
19:21 of 3rd period - Shot Misses the Net.
19:23 of 3rd period - Shot by Greg Amadio.
19:23 of 3rd period - Shot Misses the Net.
19:25 of 3rd period - Shot by Andrew Cogliano.
19:25 of 3rd period - Stopped by Martin Jones without a rebound.
19:26 of 3rd period - Valtteri Filppula wins face-off versus Nathan MacKinnon in Sharks zone.
19:33 of 3rd period - Shot by Nick Holden.
19:33 of 3rd period - Shot Blocked by Seth Jones.
19:37 of 3rd period - Shot by Guillaume Desbiens.
19:37 of 3rd period - Shot Misses the Net.
19:48 of 3rd period - Icing by Nick Holden.
19:49 of 3rd period - Valtteri Filppula wins face-off versus Michael Ryder in Senators zone.
19:49 of 3rd period - Nick Holden is hit by Michael Ryder and loses puck.
19:56 of 3rd period - Alec Martinez is hit by Guillaume Desbiens and loses puck.
Goals for this period are 3 for Senators vs 0 for Sharks.
Shots for this period are 13 for Senators vs 16 for Sharks.